 Dungeon Crawl Stone Soup version 0.30.0-5-g1a98f26d00 (webtiles) character file.

Game seed: 8882549303989351889

1084951 RepoMan the Swordfish (level 27, -25/372 (373) HPs)
             Began as a Merfolk Reaver on May 7, 2023.
             Was the Champion of the Shining One.
             Killed from afar by a hellion (39 damage)
             ... with damnation
             ... on level 6 of the Iron City of Dis on May 9, 2023.
             The game lasted 12:15:01 (96236 turns).

RepoMan the Swordfish (Merfolk Reaver)             Turns: 96236, Time: 12:15:01

HP:   -25/372 (373) AC: 28    Str: 16    XL:     27
MP:   4/40          EV:  2    Int: 23    God:    the Shining One [******]
Gold: 1751          SH: 50    Dex: 26    Spells: 6/53 levels left

rFire   + . .        w - +7 Maxwell's thermic engine {flame, freeze, rev}
rCold   + . .        r - +8 tower shield {AC+3}
rNeg    + + +        h - melded +4 moon troll leather armour {Spirit, Regen++ MP+5}
rPois   +            J - melded +2 hat
rElec   .            v - melded +2 cloak of Sykec {rElec rF+}
rCorr   +            F - melded +2 pair of gloves {Dex+3}
SInv    +            p - melded +4 pair of boots of a sewer {rF+ MP+9 Dex+2}
Will    ++++.        N - amulet "Tassi" {RegenMP rC+ rCorr}
Stlth   +            b - ring "Ajorr" {Will++ Str+4 SInv}
HPRegen 0.82/turn    d - ring "Opuheire" {rPois rF+ rCorr Dex+6}
MPRegen 0.67/turn

%: no passive effects
@: mighty, divinely shielded, tree-form, glowing, studying 2 skills, lightly
drained, corroded
A: stationary, stasis, torment immunity, boosted hp, (nimble swimmer 2),
(mertail), (iridescent scales 1), clever 2, screaming 1
}: 12/15 runes: serpentine, barnacled, slimy, silver, golden, bone, abyssal,
demonic, glowing, magical, fiery, dark
a: Renounce Religion, Divine Shield, Cleansing Flame, Summon Divine Warrior,
Brand Weapon With Holy Wrath


You were on level 6 of the Iron City of Dis.
You worshipped the Shining One.
The Shining One was exalted by your worship.
You were a tree.
You visited 16 branches of the dungeon, and saw 72 of its levels.
You visited Pandemonium 3 times, and saw 20 of its levels.
You visited the Abyss 1 time.
You visited 1 bazaar.
You visited 1 ziggurat, and saw 12 of its levels.
You also visited: Trove, Sewer, Gauntlet, Ice Cave and Desolation.

You collected 11858 gold pieces.
You spent 10107 gold pieces at shops.

Inventory:

Hand Weapons
 j - the +10 triple sword of War {antimagic, Int+6}
   (You found it in a treasure trove)

   Int:       It affects your intelligence (+6).
 w - the +7 Maxwell's thermic engine (weapon) {flame, freeze, rev}
   (You bought it in a shop on level 2 of the Orcish Mines)
Missiles
 y - 2 throwing nets
 T - 2 curare-tipped darts
Armour
 h - the +4 moon troll leather armour (melded) {Spirit, Regen++ MP+5}
   (You bought it in a shop on level 2 of the Orcish Mines)

   MP:        It affects your magic capacity (+5).
   Regen:     It increases your rate of health regeneration.
 p - the +4 pair of boots of a sewer (melded) {rF+ MP+9 Dex+2}
   (You acquired it on level 2 of the Depths)

   Dex:       It affects your dexterity (+2).
   rF:        It protects you from fire.
   MP:        It affects your magic capacity (+9).
 r - a +8 tower shield of protection (worn)
 v - the +2 cloak of Sykec (melded) {rElec rF+}
   (You found it on level 5 of the Pits of Slime)

   rF:        It protects you from fire.
   rElec:     It insulates you from electricity.
 F - a +2 pair of gloves of dexterity (melded)
 G - a +2 kite shield of cold resistance
 J - a +2 hat (melded)
Jewellery
 a - the amulet of Surprise {RegenMP rCorr}
   (You found it in Pandemonium)

   [amulet of magic regeneration]

   It increases your rate of magic regeneration.
   rCorr:     It protects you from acid and corrosion.
 b - the ring "Ajorr" (left branch) {Will++ Str+4 SInv}
   (You found it in the Desolation of Salt)

   [ring of see invisible]

   Str:       It affects your strength (+4).
   SInv:      It lets you see invisible.
   Will:      It greatly increases your willpower.
 d - the ring "Opuheire" (right branch) {rPois rF+ rCorr Dex+6}
   (You found it on level 9 of a ziggurat)

   [ring of dexterity]

   Dex:       It affects your dexterity (+6).
   rF:        It protects you from fire.
   rPois:     It protects you from poison.
   rCorr:     It protects you from acid and corrosion.
 e - the dreamshard necklace {*Dream Drain}
   (You found it on level 3 of the Tomb of the Ancients)

   [amulet of nothing]

   *Dream:    It shatters if its wearer takes lethal or near-lethal damage,
   preventing the blow and releasing protective dreams that heal and fight for
   the wearer.
   Drain:     It drains your maximum health when unequipped.
 f - the amulet of Eplexev {Spirit rElec rN+ Regen+ Dex+2}
   (You found it on level 10 of a ziggurat)

   [amulet of guardian spirit]

   It causes incoming damage to be divided between your reserves of health and
   magic.
   Dex:       It affects your dexterity (+2).
   rElec:     It insulates you from electricity.
   rN:        It protects you from negative energy.
   Regen:     It increases your rate of health regeneration.
 l - the amulet of the Four Winds {rN+ Will+++ Clar}
   (You found it on level 11 of a ziggurat)

   [amulet of nothing]

   rN:        It protects you from negative energy.
   Clar:      It protects you from confusion, rage, mesmerisation and fear.
   Will:      It greatly increases your willpower.
 z - the ring "Jikushri" {rC+ rN+}
   (You found it on level 7 of the Dungeon)

   [ring of positive energy]

   rC:        It protects you from cold.
   rN:        It protects you from negative energy.
 A - a ring of flight
 N - the amulet "Tassi" (around neck) {RegenMP rC+ rCorr}
   (You found it on level 3 of the Tomb of the Ancients)

   [amulet of magic regeneration]

   It increases your rate of magic regeneration.
   rC:        It protects you from cold.
   rCorr:     It protects you from acid and corrosion.
 Z - a ring of protection from fire
Wands
 D - a wand of quicksilver (25)
 O - a wand of flame (97)
 P - a wand of digging (40)
 U - a wand of charming (83)
 V - a wand of roots (42)
Scrolls
 m - 3 scrolls of summoning
 n - 3 scrolls of vulnerability
 q - 4 scrolls of immolation
 s - 24 scrolls of teleportation
 t - 6 scrolls of fear
 E - 3 scrolls of enchant armour
 H - 4 scrolls of magic mapping
 K - 13 scrolls of poison
 L - 8 scrolls of silence
 W - 8 scrolls of fog
Potions
 i - 35 potions of curing
 k - 7 potions of berserk rage
 o - a potion of haste
 u - a potion of cancellation
 x - 4 potions of lignification
 B - a potion of resistance
 M - 3 potions of might
 Q - 16 potions of mutation
 R - 16 potions of flight
 S - 3 potions of ambrosia
 Y - a potion of magic
Miscellaneous
 c - a phantom mirror
 I - a phial of floods
 X - a figurine of a ziggurat


   Skills:
 O Level 27 Fighting
 O Level 27 Long Blades
 - Level 3.3 Throwing
 - Level 4.7 Armour
 O Level 27 Dodging
 - Level 3.3 Stealth
 + Level 22.4 Shields
 + Level 13.7 Spellcasting
 - Level 3.3 Conjurations
 - Level 6.6 Hexes
 * Level 23.3 Translocations
 - Level 16.6 Transmutations
 - Level 2.2 Air Magic
 - Level 9.9 Earth Magic
 * Level 25.0 Invocations
 - Level 7.7 Evocations


You had 6 spell levels left.
You knew the following spells:

 Your Spells              Type           Power      Damage    Failure   Level
a - Manifold Assault      Tloc           89%        N/A       0%          4
b - Blink                 Tloc           100%       N/A       0%          2
c - Momentum Strike       Conj/Tloc      100%       3d10      1%          2
g - Apportation           Tloc           100%       N/A       0%          1
l - Lesser Beckoning      Tloc           100%       N/A       0%          2
m - Iskenderun's Mystic   Conj/Tloc      67%        2d14      1%          4
p - Passwall              Tmut/Erth      55%        N/A       1%          2
s - Statue Form           Tmut/Erth      44%        N/A       4%          6
v - Vhi's Electric Charg  Tloc/Air       100%       N/A       1%          3
w - Wereblood             Tmut           75%        N/A       0%          2
y - Yara's Violent Unrav  Hex/Tmut       31%        3d13      1%          5
D - Dispersal             Tloc           44%        N/A       1%          6
J - Disjunction           Tloc           44%        N/A       2%          8

Your spell library contained the following spells:

 Spells                   Type           Power      Damage    Failure   Level
 Beastly Appendage        Tmut           100%       N/A       0%          1
 Gell's Gravitas          Tloc           89%        N/A       0%          3
 Teleport Other           Tloc           89%        N/A       0%          3
 Passage of Golubria      Tloc           89%        N/A       0%          4
 Magic Dart               Conj           100%       1d8       1%          1
 Sandblast                Erth           100%       2d20      1%          1
 Shock                    Conj/Air       100%       1d9       1%          1
 Slow                     Hex            100%       N/A       1%          1
 Confusing Touch          Hex            46%        N/A       1%          3
 Ignite Poison            Fire/Tmut/Pois 41%        N/A       1%          3
 Portal Projectile        Hex/Tloc       100%       N/A       1%          3
 Spider Form              Tmut/Pois      52%        N/A       1%          3
 Stone Arrow              Conj/Erth      92%        3d12      1%          3
 Volatile Blastmotes      Fire/Tloc      100%       2d18      1%          3
 Ice Form                 Ice/Tmut       52%        N/A       1%          4
 Leda's Liquefaction      Hex/Erth       26%        N/A       1%          4
 Petrify                  Tmut/Erth      67%        N/A       1%          4
 Blade Hands              Tmut           37%        N/A       1%          5
 Summon Forest            Summ/Tloc      31%        N/A       1%          5
 Ensorcelled Hibernation  Hex/Ice        60%        N/A       2%          2
 Searing Ray              Conj           60%        2d6       2%          2
 Dazzling Flash           Conj/Hex       76%        N/A       2%          3
 Foxfire                  Conj/Fire      92%        2x1d8     3%          1
 Kiss of Death            Conj/Necr      92%        2d12      3%          1
 Static Discharge         Conj/Air       56%        2-5/arc   3%          2
 Lee's Rapid Deconstruct  Erth           28%        3d15*     3%          5
 Inner Flame              Hex/Fire       30%        N/A       4%          3
 Cause Fear               Hex            23%        N/A       4%          4
 Alistair's Intoxication  Tmut/Pois      34%        N/A       5%          5
 Freeze                   Ice            60%        1d7       6%          1
 Necrotise                Necr           60%        1d7       6%          1
 Summon Small Mammal      Summ           60%        N/A       6%          1
 Poisonous Vapours        Pois/Air       40%        N/A       6%          2
 Cigotuvi's Dreadful Rot  Necr/Pois/Air  38%        N/A       7%          2
 Swiftness                Air            25%        N/A       8%          3
 Animate Armour           Summ/Erth      76%        N/A       8%          4
 Fulminant Prism          Conj/Hex       19%        3d11      8%          4
 Call Imp                 Summ           30%        N/A       9%          2
 Scorch                   Fire           30%        2d6       9%          2
 Sublimation of Blood     Necr           15%        N/A       9%          2
 Mephitic Cloud           Conj/Pois/Air  24%        N/A       9%          3
 Hailstorm                Conj/Ice       23%        3d7       10%         3
 Anguish                  Hex/Necr       15%        N/A       16%         4
 Frozen Ramparts          Ice            30%        1d5       19%         3
 Ozocubu's Armour         Ice            15%        N/A       19%         3
 Vampiric Draining        Necr           15%        2d7       19%         3
 Borgnjor's Vile Clutch   Necr/Erth      19%        N/A       22%         5
 Airstrike                Air            12%        2d(2-18)  24%         4
 Silence                  Hex/Air        18%        N/A       28%         5
 Flame Wave               Conj/Fire      23%        2d8       30%         4
 Sticky Flame             Conj/Fire      23%        2d4       30%         4
 Eringya's Noxious Bog    Tmut/Pois      26%        N/A       30%         6
 Summon Lightning Spire   Summ/Air       20%        N/A       36%         4
 Iskenderun's Battlesphe  Conj           30%        2d8       41%         5
 Metabolic Englaciation   Hex/Ice        15%        N/A       41%         5
 Summon Mana Viper        Hex/Summ       30%        N/A       41%         5
 Arcjolt                  Conj/Air       14%        1d24      47%         5
 Animate Dead             Necr           15%        N/A       52%         4
 Dispel Undead            Necr           15%        3d10      52%         4
 Olgreb's Toxic Radiance  Pois           15%        N/A       52%         4
 Summon Ice Beast         Ice/Summ       15%        N/A       52%         4
 Iron Shot                Conj/Erth      23%        9d5       52%         6
 Freezing Cloud           Conj/Ice/Air   12%        6-21      61%         5
 Fireball                 Conj/Fire      11%        3d7       65%         5
 Agony                    Necr           15%        N/A       86%         5
 Conjure Ball Lightning   Conj/Air       14%        3x3d6     96%         6
 Plasma Beam              Fire/Air       10%        2x1d23    99%         6
 Starburst                Conj/Fire      11%        6d5       99%         6
 Simulacrum               Ice/Necr       7%         N/A       100%        6
 Summon Cactus Giant      Summ           7%         N/A       100%        6
 Dragon Form              Tmut           37%        N/A       5%          7
 Malign Gateway           Summ/Tloc      31%        N/A       41%         7
 Storm Form               Tmut/Air       28%        N/A       73%         7
 Enfeeble                 Hex            23%        N/A       98%         7
 Monstrous Menagerie      Summ           7%         N/A       100%        7
 Ozocubu's Refrigeration  Ice            7%         4d9       100%        7
 Spellforged Servitor     Conj/Summ      11%        N/A       100%        7
 Summon Hydra             Summ           7%         N/A       100%        7
 Borgnjor's Revivificati  Necr           7%         N/A       100%        8
 Lehudib's Crystal Spear  Conj/Erth      23%        10d6      100%        8
 Necromutation            Tmut/Necr      26%        N/A       100%        8
 Chain Lightning          Conj/Air       14%        3d18      100%        9
 Dragon's Call            Summ           7%         N/A       100%        9
 Polar Vortex             Ice            7%         N/A       100%        9
 Shatter                  Erth           28%        3d24*     100%        9


Dungeon Overview and Level Annotations

Branches:
Dungeon (15/15)            Temple (1/1) D:5            Lair (5/5) D:9
 Shoals (4/4) Lair:3        Snake (4/4) Lair:3        Slime (5/5) Lair:4
    Orc (2/2) D:9             Elf (3/3) Orc:2        Vaults (5/5) D:14
  Crypt (3/3) Vaults:2       Tomb (3/3) Crypt:3      Depths (4/4) D:15
   Hell (visited)             Dis (6/7) Hell            Tar (7/7) Hell
    Zot (5/5) Depths:4      Sewer (visited)           IceCv (visited)
Desolation (visited)      Gauntlet (visited)
    Geh: Hell:1         Coc: Hell:1

Altars:
Ashenzari
Cheibriados
Dithmenos
Elyvilon
Fedhas
Gozag
Hepliaklqana
Kikubaaqudgha
Makhleb
Nemelex Xobeh
Okawaru
Qazlal
Ru
Sif Muna
Trog
Uskayaw
Vehumet
Wu Jian
Xom
Yredelemnul
Zin
The Shining One
Jiyva

Shops:
D:4 :=*   D:5 !:   D:15 (   Orc:1 *   Orc:2 [*:(   Elf:2 :([?=   Shoals:2 :((
Snake:1 (((   Snake:3 (*   Vaults:1 =   Vaults:3 [   Depths:2 :   Depths:4 :((

Portals:
Hell: Depths:1 Depths:2 Depths:3 Depths:4
Abyss: D:9 Depths:3
Pandemonium: Depths:2 Depths:3

Annotations:
D:5 1 runed translucent door, Crazy Yiuf
D:9 2 transporters, Erymatos's ghost, novice MiBe
Lair:2 1 runed translucent door, hitsuchi's ghost, journeyman MiFi
Shoals:3 Roxanne
Crypt:3 1 runed translucent door, Kucw's ghost, adept GrFi
Depths:3 exclusion: orange crystal statue
Dis:1 2 runed doors
Zot:2 1 runed translucent door, Uneer's ghost, legendary GnFE


Innate Abilities, Weirdness & Mutations

You are a tree.
Your roots penetrate the ground, keeping you stationary.
You cannot be teleported.
You are immune to unholy pain and torment.
Your maximum health is greatly increased.
Your equipment is partially melded.
((You are very nimble when in or above water. (Stealth+, EV+, Speed+++)))
((Your lower body shifts to a powerful aquatic tail in water.))
((You are partially covered in iridescent scales. (AC +2)))
Your mind is very acute. (Int +8, Str/Dex -2)
You occasionally shout uncontrollably at your foes.


Message History

Your daeva dies!
Your daeva dissolves into sparkling lights!
The damnation engulfs the Hell Sentinel.
The Hell Sentinel completely resists.
You block the Hell Sentinel's attack. x2
Unknown command.
Okay, then.
Okay, then.
Okay, then.
Okay, then.
Okay, then.
Okay, then.
Unknown command.
Unknown command.
Okay, then.
Press: ? - help, v - describe, . - travel, g - get item
Here: a Hell Sentinel (moderately wounded, haloed)
Items here: ) ††††.
The floor, spattered with blood.
Okay, then.
Okay, then.
Unknown command.
Okay, then.
You feel much better.
The crystal echidna throws crystal bolt at you.
The crystal bolt burns the tormentor!
The tormentor resists.
The crystal bolt burns the Hell Sentinel.
The Hell Sentinel completely resists.
The crystal bolt burns you! You resist.
* * * LOW HITPOINT WARNING * * *
The Hell Sentinel hits you but does no damage. x2
As you read the scroll of summoning, it crumbles to dust.
Wisps of shadow whirl around you... The Hell Sentinel gestures at you.
The sphere of damnation explodes!
The damnation engulfs you!!
* * * LOW HITPOINT WARNING * * *
The damnation engulfs your quicksilver elemental!!
The damnation engulfs the Hell Sentinel.
The Hell Sentinel completely resists.
The hellion gestures at you.
The sphere of damnation explodes!
The damnation engulfs you!!!
You die...

***************###
,,,,,,,,,,,,,,,..#
,,,,,,,,,,,,,,,..#
*,,,,,***+*****#9#
*,,,,,*,,,,,,,,+9#
*,,,,,*,,,,^,,,#C#
,^,,,,*,,,,,,,,#E#
*,,,,,*,,,,,,,,#♣#
*,,,,,*,,,,,,,,#1#
*,,,,,*+*#+#####2#
*,,,,,,,,......r2#
*,,,,,,,,......r2#
*,,,,,,,,.b.b..†.#
*,,,,,*,*.bb.....#
,,,,,,,,,........#
*,,,,,*,*..b....§#


You could see a Hell Sentinel (ally target), 2 crystal echidnas, 2 hellions, a
tormentor, 2 friendly iron golems, a friendly iron giant (summoned) and a
friendly quicksilver elemental (summoned).

Vanquished Creatures
  Cerebov (Pan)
  Gloorx Vloq (Pan)
  the Royal Jelly (Slime:5)
  Lom Lobon (Pan)
  A seraph (Pan)
  Tiamat (Zot:1)
  5 dread liches
  4 ancient liches
  Mennas (Crypt:3)
  Mnoleg (Pan)
  3 juggernauts
  41 royal mummies
  Sojobo (Depths:4)
  Boris (twice) (Crypt:2 Tomb:2)
  Margery (Vaults:4)
  3 curse toes
  Geryon (Hell)
  14 caustic shrikes
  7 golden dragons
  7 pandemonium lords
  5 profane servitors
  20 bone dragons
  15 Tzitzimimeh
  3 iron giants
  3 Brimstone Fiends (Pan)
  17 doom hounds
  15 tentacled monstrosities
  An electric golem (Zot:3)
  Jorgrun (Orc:1)
  Rupert (D:14)
  A walking crystal tome (Depths:2)
  Grunn (Crypt:1)
  Mlioglotl (Shoals:2)
  6 Ice Fiends (Pan)
  7 tainted leviathans
  4 Hell Sentinels
  3 deep elf blademasters
  4 titans (Vaults:5)
  8 liches
  3 deep elf master archers
  2 tentacled starspawn (Abyss:3)
  2 quicksilver dragons
  Asterion (Elf:3)
  A walking frostbound tome (Depths:2)
  2 death cobs (Zot:3)
  19 acid blobs
  A sphinx (shapeshifter) (Vaults:5)
  12 sphinxes
  7 tengu reavers
  15 Executioners
  15 ancient champions
  3 krakens
  Polyphemus (Shoals:3)
  The ghost of gyole the Brawler, an adept TrGl of Ru (Snake:3)
  Kirke (D:14)
  4 draconian monks
  12 shadow dragons
  Donald (Snake:2)
  8 storm dragons
  3 rockslimes
  24 vault wardens
  6 frost giants
  11 azure jellies
  4 revenants
  7 demonspawn warmongers
  2 iron dragons
  8 draconian knights
  3 nagarajas
  2 imperial myrmidons (Desolation)
  6 fire giants
  17 balrugs
  3 curse skulls
  A juggernaut zombie (Tomb:3)
  3 deep elf sorcerers
  A quicksilver elemental (Dis:6)
  7 deep elf elementalists (Elf:3)
  2 spectral juggernauts
  5 angels
  3 draconian stormcallers
  19 ironbound preservers
  3 emperor scorpions (Zig:12)
  7 draconian scorchers
  3 draconian shifters
  21 cacodemons (Pan)
  2 caustic shrike zombies
  An orc warlord (Orc:1)
  12 draconian annihilators
  10 reapers
  3 spectral caustic shrikes
  3 demonspawn corrupters (Pan)
  5 ghost moths
  2 caustic shrike skeletons
  A ghoul (Crypt:2)
  7 war gargoyles
  6 demonspawn blood saints (Pan)
  A spriggan defender (Depths:2)
  9 quicksilver oozes
  14 very ugly things
  5 ophanim (Pan)
  28 stone giants
  7 ironbound thunderhulks
  4 bennus
  11 demonspawn black suns (Pan)
  11 black draconians
  12 vampire knights
  12 white draconians
  5 deep elf annihilators
  11 green draconians
  14 lorocyprocas
  14 red draconians
  2 halazid warlocks (Desolation)
  Azrael (Orc:2)
  9 deep elf demonologists
  11 putrid mouths
  8 dire elephants
  10 purple draconians
  4 spark wasps
  2 bunyips (Zig:11)
  A spectral titan (Tar:1)
  22 yellow draconians
  4 ettins
  7 eidola
  A spectral quicksilver dragon (Tar:2)
  3 crystal guardians
  11 green deaths
  11 deep elf death magi
  2 shambling mangroves
  3 merfolk javelineers (Shoals:4)
  6 merfolk impalers
  9 yaktaur captains
  19 blizzard demons
  6 entropy weavers
  27 mummy priests
  31 vault guards
  6 deep elf high priests
  13 jiangshi
  6 ice dragons
  10 great orbs of eyes
  10 fire dragons
  5 spectral spriggans
  5 ragged hierophants (Desolation)
  10 servants of whispers (Desolation)
  8 hydras
  2 hell beasts
  3 spriggan zombies
  A quicksilver dragon skeleton (Tomb:2)
  3 salamander tyrants
  9 anacondas
  2 ogre magi (Vaults:5)
  5 spriggan air magi
  Erica (Lair:2)
  8 ironbound frosthearts
  5 spriggan skeletons
  2 juggernaut simulacra (Pan)
  7 peacekeepers
  6 rakshasas
  An alligator snapping turtle (Shoals:4)
  2 jorogumos (Zig:12)
  18 centaur warriors
  3 death knights (Crypt:1)
  8 two-headed ogres
  7 catoblepae
  6 deep troll shamans
  3 merfolk aquamancers (Shoals:4)
  7 boulder beetles
  10 deep troll earth magi
  2 ghost crabs
  A two-headed ogre (shapeshifter) (Depths:3)
  6 merfolk avatars
  2 satyrs
  3 death yaks
  A hell hog (Depths:3)
  2 spectral stone giants (Tar:1)
  83 death scarabs
  An anaconda (shapeshifter) (Depths:4)
  A fenstrider witch skeleton (Crypt:1)
  20 naga warriors
  2 spectral dire elephants
  2 titan zombies
  37 dancing weapons
  7 shock serpents
  6 vampire magi
  2 orc high priests (Orc:1)
  A shock serpent (shapeshifter) (Vaults:5)
  3 thrashing horrors
  4 tengu warriors
  15 naga sharpshooters
  A bennu skeleton (Crypt:2)
  36 hell knights
  18 deep elf knights
  5 spriggan berserkers
  19 spriggans
  5 crystal echidnas
  2 fire crabs
  22 soul eaters
  Amaemon (Lair:3)
  10 salamander mystics
  5 wretched stars
  5 skysharks
  17 sixfirhies (Pan)
  A titan skeleton (Crypt:3)
  24 skeletal warriors
  59 sun demons
  Lodul (D:13)
  14 shadow wraiths
  2 spriggan druids (Zig:11)
  A spectral bunyip (Tar:1)
  2 swamp dragons (Zig:11)
  9 iron trolls
  12 sea snakes
  3 spectral anacondas
  48 deep trolls
  4 flayed ghosts
  4 glowing orange brains
  5 naga ritualists
  A bunyip skeleton (Tomb:1)
  A storm dragon skeleton (Crypt:3)
  8 cherubim (Pan)
  9 starcursed masses
  6 orange crystal statues
  2 anaconda skeletons (Crypt:3)
  7 deep elf archers
  9 shadow demons
  13 lindwurms
  A tengu zombie (Depths:1)
  2 anaconda zombies
  10 wizards
  3 obsidian statues (Zig:11)
  12 phantasmal warriors
  A spectral iron dragon (Tar:2)
  A steelbarb worm (Zig:12)
  4 orb spiders (Zig:12)
  31 harpies
  An iron giant skeleton (Crypt:3)
  A lindwurm (shapeshifter) (Vaults:5)
  18 ironbound convokers
  An iron dragon zombie (Crypt:1)
  8 oklob plants
  2 wolf spiders
  40 deep elf zephyrmancers
  9 mana vipers
  15 necromancers
  A shadow dragon skeleton (Tomb:1)
  30 deep elf pyromancers
  8 orc knights
  9 shining eyes
  5 spectral ettins
  55 ugly things
  5 orc sorcerers
  12 cyclopes
  2 cyclopes (shapeshifter)
  A broodmother zombie (Crypt:2)
  An eleionoma zombie (Crypt:3)
  22 salamanders
  17 manticores
  30 fauns
  A will-o-the-wisp (Zig:11)
  The ghost of flt the Chopper, a novice OgGl (D:5)
  A spectral shock serpent (Snake:3)
  A moth of wrath (shapeshifter) (Depths:2)
  2 iron dragon skeletons
  21 moths of wrath
  8 water nymphs
  6 guardian serpents
  7 elephants
  5 ice statues (Pan)
  19 vault sentinels
  56 black mambas
  25 naga magi
  2 rust devils
  7 merfolk sirens
  5 demonic crawlers
  4 dire elephant zombies
  3 apocalypse crabs
  3 molten gargoyles
  A torpor snail (Zig:5)
  15 cane toads
  5 eyes of devastation
  A gargoyle (D:7)
  2 centaur skeletons
  3 rime drakes
  26 smoke demons
  A dire elephant skeleton (Pan)
  8 komodo dragons
  23 orange demons
  12 tormentors
  6 hellions
  3 unseen horrors
  51 yaktaurs
  3 efreet
  A spectral mana viper (Snake:3)
  A kobold demonologist (Depths:1)
  2 minotaur zombies
  7 freezing wraiths
  5 ancient zymes
  An alligator snapping turtle skeleton (Crypt:3)
  8 ice devils
  2 red devils (D:11)
  3 tengu conjurers
  2 anaconda simulacra
  A troll (shapeshifter) (D:15)
  A golden dragon simulacrum (IceCv)
  4 harpy zombies
  48 guardian mummies
  A wolf spider simulacrum (D:14)
  12 trolls
  28 merfolk
  A merfolk (shapeshifter) (Vaults:5)
  A queen bee (shapeshifter) (D:14)
  2 spectral harpies
  19 hellwings (Pan)
  8 wind drakes
  2 hydra skeletons
  40 saltlings (Desolation)
  7 snapping turtles
  2 tarantellas
  4 polar bears (Lair:5)
  A spectral guardian serpent (Snake:3)
  4 harpy skeletons
  4 raiju
  16 hornets
  22 blink frogs
  Prince Ribbit (D:8)
  95 slime creatures
  17 dream sheep
  A great orb of eyes zombie (Crypt:1)
  A jumping spider (shapeshifter) (Depths:3)
  3 jumping spiders
  30 flying skulls
  37 large abominations
  A merfolk zombie (Crypt:2)
  5 air elementals
  A shock serpent simulacrum (Snake:3)
  An ice dragon skeleton (Pan)
  2 shadows
  9 water elementals
  73 yaks
  2 dire elephant simulacra (IceCv)
  3 culicivoras
  An ettin skeleton (Crypt:2)
  4 wraiths
  27 ynoxinuls
  5 basilisks
  A spriggan (shapeshifter) (D:14)
  3 vampires
  6 wyverns
  3 unseen horror simulacra (D:9)
  7 fire elementals
  10 golden eyes
  A fire dragon skeleton (Crypt:1)
  17 chaos spawn
  A slime creature zombie (Crypt:3)
  2 hogs
  25 ushabtiu
  6 vampire mosquitoes
  22 neqoxecs
  3 steam dragons
  15 humans (D:14)
  3 spatial vortices
  4 redbacks
  2 harpy simulacra (IceCv)
  A wind drake skeleton (Crypt:1)
  54 nagas
  7 wargs
  3 hell hounds
  A hydra simulacrum (Crypt:2)
  12 water moccasins
  A demonspawn skeleton (Tomb:2)
  2 floating eyes (Pan)
  3 naga skeletons
  4 spectral nagas
  2 sky beasts
  Pargi (Sewer)
  A glowing shapeshifter skeleton (Depths:1)
  4 ice beasts
  50 orc warriors
  10 black bears
  An alligator simulacrum (IceCv)
  9 boggarts
  An ettin simulacrum (IceCv)
  20 wolves
  2 hog zombies (Crypt:3)
  10 centaurs
  25 ogres
  A phantom (D:6)
  6 kobold brigands
  3 necrophages (Crypt:2)
  14 bullfrogs
  7 small abominations
  5 earth elementals
  5 scorpions
  A hornet simulacrum (D:9)
  3 killer bees (D:10)
  A vampire bat (Elf:1)
  6 electric eels
  4 howler monkeys
  4 lava snakes
  A crimson imp (Abyss:3)
  2 quasits (Abyss:3)
  A bullfrog skeleton (Crypt:3)
  20 orc priests
  4 gnoll boudas
  11 hounds
  4 iron imps
  20 jellies
  Jessica (D:2)
  3 iguanas
  34 orc wizards
  6 hell rats (Lair:2)
  3 naga simulacra (Snake:3)
  An acid dragon zombie (Crypt:3)
  A centaur simulacrum (D:9)
  66 mummies
  10 gnolls
  A swamp drake zombie (Crypt:2)
  5 adders
  A swamp drake skeleton (Crypt:1)
  6 white imps
  6 ufetubi
  An iguana zombie (Crypt:2)
  2 worms
  2 dart slugs
  74 orcs
  7 ball pythons
  2 bat skeletons
  14 endoplasms
  3 giant cockroaches
  5 goblins
  4 hobgoblins
  2 jackals (D:2)
  2 quokkas
  6 bats
  A dart slug zombie (Crypt:1)
  7 frilled lizards
  16 kobolds
  5 rats
  A rat skeleton (Crypt:1)
  3 ball lightnings (Pan)
  5 tentacles
3757 creatures vanquished.

Vanquished Creatures (collateral kills)
  Ereshkigal (Tar:7)
  Bai Suzhen (Crypt:2)
  Saint Roka (Orc:2)
  4 Tzitzimimeh (Tar:7)
  4 bone dragons (Tar:7)
  2 doom hounds
  3 tainted leviathans
  An ancient champion (Crypt:1)
  2 krakens
  A nagaraja (Snake:4)
  Aizul (Snake:2)
  A caustic shrike zombie (Crypt:2)
  An orc warlord (Orc:2)
  3 reapers
  2 putrid mouths
  A minotaur (Gauntlet)
  A deep elf death mage (Elf:3)
  An eidolon (Tar:7)
  An ettin (Orc:2)
  2 mummy priests (Tomb:2)
  3 jiangshi (Crypt:2)
  A crystal guardian (Desolation)
  3 merfolk impalers (Shoals:4)
  A salamander tyrant (Snake:2)
  2 vampire magi (Crypt:2)
  2 naga sharpshooters (Snake:4)
  2 orc high priests (Orc:2)
  Sonja (Orc:2)
  A hell knight (Vaults:4)
  2 shadow wraiths (Tar:7)
  2 skeletal warriors
  An iron giant skeleton (Crypt:2)
  A phantasmal warrior (Crypt:2)
  A necromancer (Crypt:2)
  2 centaur skeletons
  A minotaur zombie (Gauntlet)
  An efreet (Pan)
  A saltling (Desolation)
  2 ushabtiu (Tomb:2)
  A human (D:14)
  A warg (Orc:2)
  10 orc warriors (Orc:2)
  A black bear (D:4)
  An orc priest (Orc:2)
  An orc wizard (Orc:2)
  2 mummies (Tomb:2)
  6 orcs (Orc:2)
  A fire vortex (Pan)
  3 tentacles (Shoals:2)
91 creatures vanquished.

Vanquished Creatures (others)
  An eldritch tentacle (Pan)
  A balrug (Pan)
  A lorocyproca (Pan)
  A yellow draconian (Zot:4)
  An alligator (Zig:11)
  A dancing weapon (Elf:1)
  A sun demon (Pan)
  A spriggan (Zig:11)
  A sixfirhy (Pan)
  A goliath frog (Zig:11)
  A deep elf archer (Elf:1)
  A smoke demon (Pan)
  A saltling (Desolation)
  A hornet (Zig:11)
  A blink frog (Elf:1)
  A water elemental (Elf:1)
  A ynoxinul (Pan)
  2 humans (D:14)
  An orc warrior (Orc:1)
  2 orc priests (Orc:1)
  6 foxfires (Zig:11)
  4 starspawn tentacles (Abyss:3)
  36 tentacles
68 creatures vanquished.

Grand Total: 3916 creatures vanquished

Notes
Turn   | Place    | Note
-------+----------+-------------------------------------------
     0 | D:1      | RepoMan the Merfolk Reaver began the quest for the Orb.
     0 | D:1      | Reached XP level 1. HP: 16/16 MP: 3/3
   170 | D:1      | Reached XP level 2. HP: 22/23 MP: 5/5
   381 | D:1      | Reached skill level 1 in Stealth
   390 | D:1      | Learned a level 1 spell: Apportation
   526 | D:1      | Reached XP level 3. HP: 8/28 MP: 6/6
   887 | D:2      | Learned a level 2 spell: Momentum Strike
   890 | D:2      | Learned a level 2 spell: Blink
  1201 | D:2      | Noticed Jessica
  1256 | D:2      | Killed Jessica
  1257 | D:2      | Reached XP level 4. HP: 34/34 MP: 7/7
  1951 | D:3      | Reached skill level 5 in Long Blades
  1992 | D:3      | Found a glowing drain.
  2013 | Sewer    | Entered a sewer
  2091 | Sewer    | Noticed Pargi
  2109 | Sewer    | Killed Pargi
  2110 | Sewer    | Reached XP level 5. HP: 28/41 MP: 8/8
  2412 | D:3      | Reached XP level 6. HP: 32/47 MP: 9/9
  2969 | D:4      | Found Riunes's Jewellery Emporium.
  3066 | D:4      | Noticed a black bear
  3107 | D:4      | Killed a black bear
  3383 | D:4      | Found Ynab's Elemental Accessories.
  3508 | D:4      | Reached skill level 1 in Translocations
  3677 | D:4      | Found Ydisar's Self-Improvement Boutique.
  3693 | D:4      | Reached XP level 7. HP: 47/52 MP: 10/10
  4567 | D:5      | Entered Level 5 of the Dungeon
  4567 | D:5      | Found a transporter.
  4656 | D:5      | Found Qaophaun's Book Emporium.
  4791 | D:5      | Identified the +4 hammer "Iwau" {holy, Will+}
  4792 | D:5      | Found a runed translucent door.
  4792 | D:5      | Identified the +5 hammer of Pain and Death {freeze, +Blink
                  | Fly MP+9 Str+3}
  4793 | D:5      | Noticed Crazy Yiuf
  5032 | D:5      | Found a transporter.
  5037 | D:5      | Noticed flt's ghost (novice OgGl)
  5117 | D:5      | Reached XP level 8. HP: 38/58 MP: 9/11
  5198 | D:5      | Found a staircase to the Ecumenical Temple.
  5207 | Temple   | Entered the Ecumenical Temple
  5401 | D:5      | Found Vourar's Distillery.
  5407 | D:5      | Found Ununnauro's Distillery.
  5409 | D:5      | Bought a potion of curing for 42 gold pieces
  5409 | D:5      | Bought a potion of berserk rage for 70 gold pieces
  5409 | D:5      | Bought a potion of lignification for 42 gold pieces
  5409 | D:5      | Bought a potion of degeneration for 14 gold pieces
  5671 | D:6      | Found a hazy altar of Hepliaklqana.
  5900 | D:6      | Reached skill level 10 in Long Blades
  6690 | D:6      | Reached XP level 9. HP: 62/65 MP: 12/12
  7423 | D:7      | Found an opulent altar of Gozag.
  7436 | D:7      | Found a white marble altar of Elyvilon.
  7438 | D:7      | Found a glowing golden altar of the Shining One.
  7438 | D:7      | Found a sacrificial altar of Ru.
  7444 | D:7      | Found a basalt altar of Yredelemnul.
  7452 | D:7      | Became a worshipper of the Shining One
  7580 | D:7      | Reached skill level 5 in Dodging
  7845 | D:7      | Found a runed translucent door.
  7928 | D:7      | Noticed a green ugly thing
  7931 | D:7      | Noticed a cyan ugly thing
  7933 | D:7      | Reached skill level 5 in Fighting
  7938 | D:7      | Noticed a boulder beetle
  7943 | D:7      | Killed a cyan ugly thing
  7948 | D:7      | Killed a cyan ugly thing
  7949 | D:7      | Reached skill level 5 in Translocations
  7949 | D:7      | Reached XP level 10. HP: 60/76 MP: 13/13
  7960 | D:7      | Killed a boulder beetle
  8286 | D:7      | Learned a level 4 spell: Manifold Assault
  8761 | D:7      | Identified the amulet "Pofeaw" {Acrobat rElec rCorr Dex-3
                  | SInv}
  8829 | D:7      | Identified the ring of Atit {Fire Will+}
  8836 | D:7      | Identified the ring "Jikushri" {rC+ rN+}
  8840 | D:7      | Identified the amulet of the Fiend {Regen+ Int+2}
  8908 | D:7      | Noticed a gargoyle
  9156 | D:8      | Noticed a three-headed hydra
  9161 | D:8      | Killed a one-headed hydra
  9256 | D:8      | Reached * piety under the Shining One
  9406 | D:8      | Found a snail-covered altar of Cheibriados.
  9514 | D:8      | Learned a level 2 spell: Passwall
  9599 | D:8      | Noticed Prince Ribbit
  9615 | D:8      | Killed Prince Ribbit
  9673 | D:8      | Found an iron altar of Okawaru.
  9831 | D:8      | Reached XP level 11. HP: 74/84 MP: 14/14
  9904 | D:8      | Found a broken altar of Ashenzari.
 10100 | D:9      | Identified the staff of fire "Plog" {rElec rF+}
 10102 | D:9      | Reached ** piety under the Shining One
 10507 | D:9      | Found a one-way gate to the infinite horrors of the Abyss.
 10507 | D:9      | Noticed Erymatos's ghost (novice MiBe)
 10515 | D:9      | Noticed a thrashing horror
 10655 | D:9      | Found a bloodstained altar of Trog.
 10676 | D:9      | Reached skill level 1 in Invocations
 10940 | D:9      | Reached *** piety under the Shining One
 10961 | D:9      | Found a staircase to the Orcish Mines.
 11233 | D:9      | Reached skill level 15 in Long Blades
 11321 | D:9      | Found a transporter.
 11425 | D:9      | Found a transporter.
 11451 | D:9      | Found a staircase to the Lair.
 11451 | D:9      | Found the +7 Throatcutter {drain, coup de grace}
 11697 | D:10     | Entered Level 10 of the Dungeon
 11748 | D:10     | Noticed a two-headed ogre
 11833 | D:10     | Got Sif Muna's Book of the Lethal Throng
 11947 | D:10     | Identified the +1 helmet of the Brewing Gods {*Corrode
                  | rElec rPois rF++}
 12202 | D:10     | Identified the +0 cloak "Kyad" {rN+}
 12249 | D:10     | Reached XP level 12. HP: 94/94 MP: 15/15
 12496 | D:5      | Bought a potion of might for 60 gold pieces
 12504 | D:5      | Bought a potion of mutation for 112 gold pieces
 12512 | D:5      | Bought a potion of attraction for 45 gold pieces
 12512 | D:5      | Bought a potion of cancellation for 120 gold pieces
 12512 | D:5      | Bought a potion of flight for 45 gold pieces
 12615 | D:3      | Reached skill level 10 in Dodging
 13210 | Lair:1   | Entered Level 1 of the Lair of Beasts
 13297 | Lair:1   | Noticed a boulder beetle
 13328 | Lair:1   | Killed a boulder beetle
 14568 | Lair:1   | Reached skill level 5 in Invocations
 15907 | Lair:2   | Identified a scroll of acquirement
 15910 | Lair:2   | Acquired a +2 double sword of protection
 15963 | Lair:2   | Reached **** piety under the Shining One
 16023 | Lair:2   | Found a runed translucent door.
 16026 | Lair:2   | Noticed hitsuchi's ghost (journeyman MiFi)
 16173 | Lair:2   | Identified the +7 rapier "Rolisei" {freeze, +Blink rF-
                  | Int+7}
 16181 | Lair:2   | Noticed Erica
 16188 | Lair:2   | Killed Erica
 16189 | Lair:2   | Reached XP level 13. HP: 93/103 MP: 17/17
 16215 | Lair:2   | Reached skill level 10 in Fighting
 16854 | Lair:2   | Identified the +1 spear of Distant Shores {flame, rF++
                  | Str+2 Stlth+}
 17383 | Lair:3   | Noticed Amaemon
 17447 | Lair:3   | Killed Amaemon
 17772 | Lair:3   | Found a staircase to the Shoals.
 17821 | Lair:3   | Got the Precepts of Curses and Virulence
 17997 | Lair:3   | Found a staircase to the Snake Pit.
 18407 | Lair:4   | Upgraded the game from 0.30.0-2-g1aa4bd4387 to
                  | 0.30.0-5-g1a98f26d00
 18562 | Lair:4   | Found a viscous altar of Jiyva.
 18563 | Lair:4   | Found a staircase to the Slime Pits.
 18628 | Lair:4   | Reached skill level 1 in Transmutations
 19331 | Lair:5   | Entered Level 5 of the Lair of Beasts
 19467 | Lair:5   | Reached XP level 14. HP: 105/113 MP: 20/20
 19905 | Lair:5   | Paralysed by a hornet for 3 turns
 20316 | Lair:5   | Reached skill level 1 in Shields
 21149 | Orc:1    | Entered Level 1 of the Orcish Mines
 21149 | Orc:1    | Found a radiant altar of Vehumet.
 21281 | Orc:1    | Paralysed by an orc sorcerer for 4 turns
 21558 | Orc:1    | Noticed an orc warlord
 21617 | Orc:1    | Killed an orc warlord
 21641 | Orc:1    | Reached ***** piety under the Shining One
 21836 | Orc:2    | Entered Level 2 of the Orcish Mines
 21836 | Orc:2    | Found a staircase to the Elven Halls.
 21954 | Orc:2    | Noticed an orc warlord
 21962 | Orc:2    | Noticed Sonja
 21973 | Orc:2    | Killed an orc warlord
 21975 | Orc:2    | Killed Sonja
 21983 | Orc:2    | Reached skill level 10 in Translocations
 21990 | Orc:2    | Found Hiulen's General Store.
 22006 | Orc:2    | Bought a potion of heal wounds for 75 gold pieces
 22006 | Orc:2    | Bought a scroll of identify for 30 gold pieces
 22007 | Orc:2    | Bought a scroll of identify for 30 gold pieces
 22007 | Orc:2    | Bought a scroll of fear for 60 gold pieces
 22007 | Orc:2    | Bought a scroll of enchant weapon for 112 gold pieces
 22007 | Orc:2    | Bought a scroll of teleportation for 45 gold pieces
 22018 | Orc:2    | Found Kevur's Antique Armour Boutique.
 22035 | Orc:2    | Noticed Saint Roka
 22105 | Orc:2    | Killed Saint Roka
 22106 | Orc:2    | Reached skill level 5 in Spellcasting
 22106 | Orc:2    | Reached XP level 15. HP: 54/120 MP: 14/22
 22138 | Orc:2    | Found a gate leading to a gauntlet.
 22185 | Gauntlet | Entered a Gauntlet
 22185 | Gauntlet | Found a transporter.
 22185 | Gauntlet | Found a transporter.
 22185 | Gauntlet | Found a transporter.
 22186 | Gauntlet | Found a transporter.
 22189 | Gauntlet | Found a transporter.
 22189 | Gauntlet | Found a transporter.
 22202 | Gauntlet | Found a transporter.
 22206 | Gauntlet | Found a transporter.
 22206 | Gauntlet | Found a transporter.
 22206 | Gauntlet | Found a transporter.
 22220 | Gauntlet | Found a transporter.
 22221 | Gauntlet | Found a transporter.
 22459 | Gauntlet | Identified the ring of Vuoshrah {Fire +Blink Int+4}
 22548 | Gauntlet | Paralysed by a great orb of eyes for 3 turns
 22589 | Gauntlet | Identified the -1 cloak of Action {Str+3}
 22627 | Gauntlet | Reached skill level 5 in Shields
 22632 | Gauntlet | Identified the staff of earth "Juseitic" {rF+ Will+ Str-4}
 22633 | Gauntlet | Got the Incunable of Limned Modification
 22911 | Orc:1    | Noticed Jorgrun
 23150 | Orc:2    | Found Koukkemn's Book Emporium.
 23175 | Orc:2    | Found Ythreun Etung's Antique Weapon Emporium.
 24966 | D:12     | Identified the +3 ring mail "Kika" {Int+4}
 25350 | D:13     | Noticed Lodul
 25374 | D:13     | Killed Lodul
 25871 | D:14     | Noticed Rupert
 25871 | D:14     | Reached ****** piety under the Shining One
 25871 | D:14     | Found a gate to the Vaults.
 26116 | Shoals:1 | Entered Level 1 of the Shoals
 26407 | Shoals:1 | Reached skill level 10 in Invocations
 26485 | Shoals:1 | Identified the +8 ring mail of the Other Side {rCorr
                  | Slay+3}
 26856 | Shoals:1 | Reached XP level 16. HP: 117/129 MP: 25/25
 27495 | Shoals:2 | Reached skill level 1 in Armour
 27900 | Shoals:2 | Noticed a kraken
 27909 | Shoals:2 | Noticed a kraken
 27925 | Shoals:2 | Noticed Mlioglotl
 27935 | Shoals:2 | Identified the +10 dagger of Eplaiq {venom, rElec rF-
                  | Stlth+}
 28122 | Snake:1  | Entered Level 1 of the Snake Pit
 28122 | Snake:1  | Found a frozen archway.
 28216 | IceCv    | Entered an ice cave
 28247 | IceCv    | Found a transporter.
 28255 | IceCv    | Found a transporter.
 28353 | Snake:1  | Reached skill level 15 in Dodging
 28447 | Snake:1  | Learned a level 3 spell: Vhi's Electric Charge
 28466 | Snake:1  | Found Vedwoug's Weapon Emporium.
 28498 | Snake:1  | Bought a throwing net for 39 gold pieces
 28530 | Snake:1  | Found Fiafew's Weapon Shop.
 28658 | Snake:1  | Found Yggeq's Antique Weapon Shoppe.
 29060 | Snake:1  | Reached skill level 1 in Air Magic
 29064 | Snake:1  | Reached skill level 1 in Earth Magic
 29210 | Snake:2  | You fall into a shaft and drop 1 floor!
 29216 | Snake:3  | Found Fient's Weapon Shoppe.
 29327 | Snake:3  | Found Hefata's Assorted Antiques.
 29442 | Snake:2  | Noticed Aizul
 29452 | Snake:2  | Killed Aizul
 30141 | Snake:2  | Reached XP level 17. HP: 83/137 MP: 26/26
 31376 | Snake:2  | Noticed Donald
 31403 | Snake:2  | Killed Donald
 32425 | Snake:3  | Reached skill level 10 in Shields
 32827 | Snake:3  | Found a runed translucent gate.
 32827 | Snake:3  | Found a runed translucent gate.
 32828 | Snake:3  | Found a runed translucent gate.
 32834 | Snake:3  | Noticed gyole's ghost (adept TrGl)
 33358 | Snake:4  | Entered Level 4 of the Snake Pit
 33377 | Snake:4  | Found a flickering gateway to a bazaar.
 33389 | Bazaar   | Entered a bazaar
 33390 | Bazaar   | Found Teamm's Armour Emporium.
 33398 | Bazaar   | Found Toplugabb's Armour Boutique.
 33402 | Bazaar   | Found Bofaohax's Distillery.
 33411 | Bazaar   | Bought a potion of lignification for 27 gold pieces
 33411 | Bazaar   | Bought 2 potions of brilliance for 72 gold pieces
 33411 | Bazaar   | Bought 2 potions of curing for 54 gold pieces
 33411 | Bazaar   | Bought a potion of might for 36 gold pieces
 33411 | Bazaar   | Bought a potion of heal wounds for 45 gold pieces
 33429 | Bazaar   | Found Liliralo's Magic Scroll Shoppe.
 33437 | Bazaar   | Bought a scroll of teleportation for 30 gold pieces
 33438 | Bazaar   | Found Dumotod's Jewellery Shoppe.
 33464 | Bazaar   | Bought a +1 kite shield of cold resistance for 198 gold
                  | pieces
 34961 | Snake:4  | Reached XP level 18. HP: 146/146 MP: 14/27
 37275 | Snake:4  | Got a serpentine rune of Zot
 38229 | Shoals:2 | Found Hetido Epsa's Book Emporium.
 38678 | Shoals:2 | Killed Mlioglotl
 38806 | Shoals:2 | Found Qiuguunt's Weapon Boutique.
 39049 | Shoals:2 | Found Diahom's Weapon Shoppe.
 39677 | Shoals:3 | Identified Roxanne's Exposition on the Tektite
 39677 | Shoals:3 | Noticed Roxanne
 40108 | Shoals:3 | Noticed Polyphemus
 40172 | Shoals:3 | Killed Polyphemus
 40741 | Shoals:4 | Entered Level 4 of the Shoals
 40994 | Shoals:4 | Reached XP level 19. HP: 101/154 MP: 3/28
 41153 | Shoals:3 | Learned a level 4 spell: Iskenderun's Mystic Blast
 41160 | Shoals:3 | Learned a level 6 spell: Dispersal
 42204 | Shoals:4 | Reached skill level 15 in Fighting
 42221 | Shoals:4 | Identified the staff of poison "Ablupp" {rPois rN++ Int-2
                  | Dex+3}
 42385 | Shoals:4 | Got a barnacled rune of Zot
 42626 | Shoals:4 | Got the Book of the Neverending Nightmares
 42816 | Shoals:4 | Reached skill level 1 in Throwing
 43375 | Orc:2    | Bought the +2 Maxwell's thermic engine {flame, freeze, rev}
                  | for 1100 gold pieces
 43375 | Orc:2    | Found the +2 Maxwell's thermic engine {flame, freeze, rev}
 43567 | Orc:2    | Bought a book of Spatial Translocations for 252 gold pieces
 43570 | Orc:2    | Learned a level 2 spell: Lesser Beckoning
 43726 | Orc:1    | Found Bokhisk's Assorted Antiques.
 43734 | Orc:1    | Bought a potion of heal wounds for 195 gold pieces
 43820 | Orc:1    | Killed Jorgrun
 44118 | D:14     | Noticed Kirke
 44134 | D:14     | Killed Kirke
 44257 | D:14     | Identified the +6 chain mail of Vehumet, Bespelling {Dex+2}
 44668 | D:14     | Killed Rupert
 44897 | D:15     | Entered Level 15 of the Dungeon
 45386 | D:15     | Found a staircase to the Depths.
 45705 | D:15     | Found Wucaumm's Antique Weapon Shop.
 46010 | Elf:1    | Entered Level 1 of the Elven Halls
 46350 | Elf:1    | Noticed Azrael
 46543 | Orc:2    | Killed Azrael
 46544 | Orc:2    | Reached XP level 20. HP: 153/163 MP: 29/29
 46670 | Elf:1    | Got the Handbook of the Crater
 47356 | Elf:1    | Got Vitsous's Almanac of Permutations
 47379 | Elf:1    | Noticed a Tzitzimitl
 47705 | Elf:1    | Got the Folio of the Pyre
 47992 | Elf:2    | Found Mysavud's Book Shoppe.
 48024 | Elf:2    | Found a crumbling gateway.
 48103 | Desolati | Entered the Desolation of Salt
 48175 | Desolati | Found the +8 frozen axe "Frostbite" {freeze, freezing
                  | cloud, *Noise Fly rC+}
 48246 | Desolati | HP: 12/246 [crystal guardian/crystal bolt (24)]
 48328 | Desolati | Identified the ring "Ajorr" {Will++ Str+4 SInv}
 48570 | Desolati | Identified the +10 spear of the Sage {vamp, rPois}
 48572 | Desolati | Got the Catalogue of Enchantment and Maleficent Magic
 48593 | Desolati | Identified the +0 leather armour of Yrehacza {rPois Regen+
                  | Slay-2}
 48872 | Desolati | Identified the +7 bardiche "Quxut" {flame, rElec rPois
                  | Int+3 Dex+2}
 49155 | Desolati | Identified the ring "Imneaf" {rElec Slay+4 SInv}
 49182 | Desolati | Identified the +7 spear "Kome" {chaos, Fly rElec rPois}
 49471 | Elf:2    | Reached skill level 15 in Translocations
 49608 | Elf:2    | Found a runed translucent gate.
 49609 | Elf:2    | Found a runed translucent gate.
 49609 | Elf:2    | Found a runed translucent gate.
 49638 | Elf:2    | Found Beich's Antique Weapon Boutique.
 49672 | Elf:2    | Found Jyisk's Antique Armour Shoppe.
 49711 | Elf:2    | Found Fiucar's Jewellery Shop.
 49851 | Elf:2    | Found Bufimp's Magic Scroll Emporium.
 49876 | Elf:2    | Bought a scroll of teleportation for 48 gold pieces
 49876 | Elf:2    | Bought a scroll of fog for 64 gold pieces
 49969 | Elf:2    | Found a radiant altar of Vehumet.
 50137 | Elf:2    | Reached XP level 21. HP: 130/171 MP: 7/30
 50792 | Elf:3    | Entered Level 3 of the Elven Halls
 51075 | Elf:3    | Noticed Asterion
 51089 | Elf:3    | Killed Asterion
 52716 | Elf:3    | Identified the staff of poison "Biqov" {rPois rF+ rC++
                  | rCorr Dex+4}
 52735 | Elf:3    | Identified the ring of Moderation {Dex+2 SInv}
 52744 | Elf:3    | Identified the +8 hand axe of Demonkind {flame, Int+3}
 52848 | Elf:3    | Identified the staff of conjuration "Woithri Qohu" {rF- rC+
                  | MP-9 Dex+8}
 52885 | Elf:3    | Identified the staff of air "Vyekulil" {rElec Str+5 Dex+2}
 52886 | Elf:3    | Identified the staff of cold "Dimpeh" {rF+ rC+ Str+2}
 52941 | Elf:3    | Got the Catalogue of the Discontinuous Salamander
 53308 | Vaults:1 | Entered Level 1 of the Vaults
 53843 | Vaults:1 | Found Iggosis's Jewellery Shoppe.
 54228 | Vaults:1 | Reached XP level 22. HP: 177/182 MP: 29/32
 54416 | Vaults:1 | Found a portal to a secret trove of treasure.
 55275 | Vaults:2 | Found a staircase to the Crypt.
 55463 | Vaults:2 | You fall into a shaft and drop 1 floor!
 55534 | Vaults:3 | Found Ockeciwn's Armour Emporium.
 55547 | Vaults:3 | Reached skill level 15 in Invocations
 56836 | Vaults:4 | Noticed Margery
 56877 | Vaults:4 | Killed Margery
 57284 | Vaults:4 | Reached XP level 23. HP: 165/190 MP: 24/34
 57962 | Vaults:4 | Got the Spellbook of the Band
 58897 | Crypt:1  | Entered Level 1 of the Crypt
 59037 | Crypt:1  | Noticed Grunn
 59081 | Crypt:1  | Killed Grunn
 59197 | Crypt:1  | Reached skill level 15 in Shields
 60028 | Crypt:2  | Noticed Bai Suzhen
 60038 | Crypt:2  | Killed Bai Suzhen
 60266 | Crypt:2  | Noticed Boris
 60317 | Crypt:2  | Killed Boris
 60318 | Crypt:2  | Reached XP level 24. HP: 201/201 MP: 20/36
 60904 | Crypt:3  | Entered Level 3 of the Crypt
 61366 | Crypt:3  | Found a staircase to the Tomb.
 61520 | Crypt:3  | Noticed Mennas
 61543 | Crypt:3  | Killed Mennas
 61615 | Crypt:3  | Found a runed translucent door.
 61620 | Crypt:3  | Noticed Kucw's ghost (adept GrFi)
 61727 | Crypt:3  | Noticed a curse toe
 61898 | Crypt:3  | Killed a curse toe
 62164 | Crypt:3  | Noticed a dread lich
 62164 | Crypt:3  | Noticed an ancient lich
 62167 | Crypt:3  | Noticed a dread lich
 62174 | Crypt:3  | Killed a dread lich
 62273 | Crypt:3  | Killed a dread lich
 62428 | Crypt:3  | Killed an ancient lich
 62441 | Crypt:3  | Got the Cyclopedia of Geological Changing
 62443 | Crypt:3  | Identified the staff of poison "Optikeun" {Drain rPois
                  | Will+ Int+2}
 62446 | Crypt:3  | Identified the staff of cold "Qoceaq" {Contam rPois rC+
                  | Int+7}
 62450 | Crypt:3  | Identified the +10 great sword of Gravity {spect, rC+}
 62900 | Orc:2    | Bought the +4 moon troll leather armour {Spirit, Regen++
                  | MP+5} for 1635 gold pieces
 62900 | Orc:2    | Found the +4 moon troll leather armour {Spirit, Regen++
                  | MP+5}
 63148 | Depths:1 | Entered Level 1 of the Depths
 63513 | Depths:1 | Found a one-way gateway to a ziggurat.
 63914 | Vaults:1 | You paid a toll of +4 ice dragon scales to enter a treasure
                  | trove
 63915 | Trove    | Entered a treasure trove
 63944 | Trove    | Identified the +3 double sword of Disaster {spect, +Blink}
 63959 | Trove    | Identified the +0 triple sword of World's End {flame,
                  | +Blink rPois Will- Str+4}
 63961 | Trove    | Identified the +10 triple sword of War {antimagic, Int+6}
 64239 | Depths:1 | Found a stormy altar of Qazlal.
 64426 | Depths:1 | Found a gateway to Hell.
 64530 | Depths:2 | Found Ruigu's Book Shop.
 64799 | Depths:2 | Acquired the +4 pair of boots of a sewer {rF+ MP+9 Dex+2}
 64882 | Depths:2 | Found a sparkling altar of Nemelex Xobeh.
 64935 | Depths:2 | Identified the +1 quarterstaff of Ashenzari's Esteem
                  | {drain, rC- Str+4 Dex+5}
 65108 | Depths:2 | Reached XP level 25. HP: 204/210 MP: 24/37
 65145 | Depths:2 | Identified the ring "Ubelanot" {Contam rPois rF+ Will+++
                  | Dex-4}
 65169 | Depths:2 | Found the +3 greatsling "Punk" {acid, rCorr}
 65508 | Depths:2 | Found a one-way gate leading to the halls of Pandemonium.
 66984 | Depths:3 | Found a basalt altar of Yredelemnul.
 67060 | Depths:3 | Noticed a juggernaut
 67071 | Depths:3 | Killed a juggernaut
 67649 | Depths:4 | Entered Level 4 of the Depths
 67835 | Depths:4 | Acquired the ring "Moegosal" {rCorr Dex+5}
 67878 | Depths:4 | Noticed a juggernaut
 67887 | Depths:4 | Killed a juggernaut
 68142 | Depths:4 | Found a gate to the Realm of Zot.
 68401 | Depths:4 | Noticed Sojobo
 68407 | Depths:4 | Found Xioladi's Weapon Boutique.
 68429 | Depths:4 | Found Ade Tulimaumn's Weapon Shop.
 68430 | Depths:4 | Killed Sojobo
 68452 | Depths:4 | Found Jury's Book Boutique.
 68855 | Depths:4 | Found a white marble altar of Elyvilon.
 69408 | Slime:1  | Entered Level 1 of the Pits of Slime
 69522 | Slime:2  | Reached XP level 26. HP: 219/219 MP: 37/37
 69876 | Slime:5  | Entered Level 5 of the Pits of Slime
 70066 | Slime:5  | Gained mutation: Your magical capacity is low. (-10% MP) [a
                  | shining eye]
 70180 | Slime:5  | Gained mutation: Your system is resistant to poisons.
                  | (rPois) [a shining eye]
 70200 | Slime:5  | Noticed the Royal Jelly
 70613 | Slime:5  | Found a viscous altar of Jiyva.
 70892 | Slime:5  | Killed the Royal Jelly
 70923 | Slime:5  | Identified the +2 cloak of Sykec {rElec rF+}
 70992 | Slime:5  | Identified the +7 mace of Meyrung {flame, rPois Int-5
                  | Stlth+}
 70993 | Slime:5  | Identified the +6 morningstar of Plunder {freeze, rPois
                  | Dex+3}
 70995 | Slime:5  | Got a slimy rune of Zot
 70997 | Slime:5  | Got Qyikypotih's Catalogue of the Radiant Deep Freeze
 71000 | Slime:5  | Identified the +4 shortbow "Varoy" {flame, Str+4}
 71016 | Slime:5  | Identified the +8 plate armour "Zauss" {rN+ Str+3}
 71482 | Depths:4 | Bought a manual of Long Blades for 1200 gold pieces
 71524 | Zot:1    | Entered Level 1 of the Realm of Zot
 72033 | Zot:1    | Found the +4 dragonskin cloak
 72033 | Zot:1    | Noticed Tiamat
 72073 | Zot:1    | Killed Tiamat
 72917 | Zot:2    | Found a runed translucent door.
 72919 | Zot:2    | Noticed Uneer's ghost (legendary GnFE)
 74164 | Zot:3    | Reached XP level 27. HP: 226/226 MP: 33/33
 74985 | Zot:3    | Identified the +0 pair of gloves of the Hart {-Tele Slay+5}
 76268 | Zot:4    | Identified the +8 rapier of Courage {flame, Dex+2}
 76864 | Zot:5    | Entered Level 5 of the Realm of Zot
 77315 | Vaults:5 | Entered Level 5 of the Vaults
 77315 | Vaults:5 | Noticed a dread lich
 77333 | Vaults:5 | Killed a dread lich
 77492 | Vaults:5 | Reached skill level 27 in Long Blades
 78145 | D:4      | Bought a manual of Fighting for 1120 gold pieces
 78521 | Vaults:5 | Identified the +8 sling of Crusades {heavy, rElec rPois
                  | Will+ Int-3}
 78627 | Vaults:5 | Reached skill level 1 in Evocations
 78716 | Vaults:5 | Identified the +0 shortbow of Iconoclasm {flame, *Corrode
                  | rN++ Str+3}
 78719 | Vaults:5 | Got a silver rune of Zot
 78720 | Vaults:5 | Identified the staff of poison "Ycuh" {*Slow rPois Str+2
                  | Dex+4}
 78750 | Vaults:5 | Identified the ring of Vopnem {rN+ SInv}
 78893 | Vaults:5 | Identified the +8 demon whip of the Scorching Gods {vamp,
                  | Str+2 Dex+2}
 78967 | Vaults:5 | Identified the +0 scale mail "Enos" {rF++}
 79042 | Vaults:5 | Identified the +5 short sword "Yteigeme" {venom, Int+3}
 79370 | Vaults:5 | Identified the staff of cold "Garycs" {rPois rC+}
 79938 | Zig:1    | Entered Level 1 of a ziggurat
 79958 | Zig:2    | Entered Level 2 of a ziggurat
 80006 | Zig:3    | Entered Level 3 of a ziggurat
 80022 | Zig:3    | Identified the amulet "Etacukus" {rPois Regen+}
 80135 | Zig:4    | Entered Level 4 of a ziggurat
 80260 | Zig:5    | Entered Level 5 of a ziggurat
 80344 | Zig:6    | Entered Level 6 of a ziggurat
 80349 | Zig:6    | Noticed a royal mummy
 80369 | Zig:6    | Killed a royal mummy
 80420 | Zig:6    | Identified the +9 short sword of Calamity {heavy, *Noise
                  | Will+ Str+3}
 80514 | Zig:7    | Entered Level 7 of a ziggurat
 80683 | Zig:8    | Entered Level 8 of a ziggurat
 80689 | Zig:8    | Noticed a juggernaut
 80695 | Zig:8    | Killed a juggernaut
 80708 | Zig:8    | Identified the +0 plate armour of Sipsaph {Rampage rC+
                  | Stlth+}
 80718 | Zig:9    | Entered Level 9 of a ziggurat
 80729 | Zig:9    | Noticed Operiz the pandemonium lord
 80735 | Zig:9    | Killed Operiz the pandemonium lord
 80747 | Zig:9    | Identified the +8 dire flail of Syfryiga {heavy, rF+ Int+2
                  | Dex-3}
 80752 | Zig:9    | Identified the +6 sling of Qazlal's Favour {elec, rF+}
 80758 | Zig:9    | Identified the +7 war axe "Brush" {heavy, MP+9 Dex-2
                  | Stlth+}
 80759 | Zig:9    | Identified the ring "Opuheire" {rPois rF+ rCorr Dex+6}
 80806 | Zig:10   | Entered Level 10 of a ziggurat
 80827 | Zig:10   | Reached skill level 5 in Evocations
 80971 | Zig:10   | Identified the amulet of Eplexev {Spirit rElec rN+ Regen+
                  | Dex+2}
 81004 | Zig:11   | Entered Level 11 of a ziggurat
 81262 | Zig:11   | Found the amulet of the Four Winds {rN+ Will+++ Clar}
 81274 | Zig:11   | Identified the +1 leather armour of Ykimeusm {rCorr MP-9
                  | Dex+4 Stlth+}
 81275 | Zig:11   | Identified the +6 scale mail of the Sneaky Geomancers {Harm
                  | *Slow Will++}
 81285 | Zig:11   | Identified the +2 chain mail of Veff {+Blink Dex-3 Slay+5
                  | SInv}
 81286 | Zig:11   | Identified the +1 chain mail of the Six Spines {Regen+}
 81311 | Zig:12   | Entered Level 12 of a ziggurat
 81405 | Zig:12   | Identified the ring of Roul {Fire Int+5 SInv}
 81578 | Pan      | Entered Pandemonium
 81578 | Pan      | Noticed Dyeq the pandemonium lord
 81585 | Pan      | Killed Dyeq the pandemonium lord
 81750 | Pan      | Noticed Qugrawk the pandemonium lord
 81782 | Pan      | Killed Qugrawk the pandemonium lord
 81851 | Pan      | Got a demonic rune of Zot
 82483 | Pan      | Noticed Biapnun the pandemonium lord
 82503 | Pan      | Killed Biapnun the pandemonium lord
 82553 | Depths:2 | Escaped Pandemonium
 82565 | Depths:2 | Learned a level 5 spell: Yara's Violent Unravelling
 82611 | Depths:4 | Bought Hatepizic's Monograph on Elsewhere and Alteration
                  | for 480 gold pieces
 82620 | Depths:4 | Learned a level 8 spell: Disjunction
 82638 | Pan      | Entered Pandemonium
 82757 | Pan      | Reached skill level 1 in Hexes
 82771 | Pan      | Identified the +3 buckler of Veb Mael {Int+4 Dex+2}
 82803 | Pan      | Reached skill level 5 in Transmutations
 82891 | Pan      | Found a glowing golden altar of the Shining One.
 82891 | Pan      | Noticed a seraph
 82905 | Pan      | Killed a seraph
 82923 | Pan      | Identified the staff of fire "Suixuj" {rF+ Dex+3}
 82924 | Pan      | Identified the staff of conjuration "Wattomm" {rCorr}
 82927 | Pan      | Identified the staff of death "Raohig" {rPois rN+ rCorr}
 82931 | Pan      | Identified the amulet of Surprise {RegenMP rCorr}
 82937 | Pan      | Identified the +3 trident of Fragile Peace {flame, *Corrode
                  | Drain rC+++ MP+9}
 82949 | Depths:3 | Escaped Pandemonium
 82951 | Pan      | Entered Pandemonium
 83163 | Pan      | Noticed Osuaj the pandemonium lord
 83171 | Pan      | Killed Osuaj the pandemonium lord
 83281 | Pan      | Noticed Afatucw the pandemonium lord
 83297 | Pan      | Killed Afatucw the pandemonium lord
 83480 | Pan      | Found an exit through the horrors of the Abyss.
 83560 | Pan      | Entered the realm of Mnoleg.
 83561 | Pan      | Gained mutation: You are clumsy. (Dex -2) [a neqoxec]
 83564 | Pan      | Reached skill level 10 in Spellcasting
 83641 | Pan      | Gained mutation: Your body sometimes deteriorates upon
                  | taking damage. [a cacodemon]
 83680 | Pan      | Gained mutation: You have hidden genetic defects. [a
                  | shining eye]
 83682 | Pan      | Lost mutation: You have hidden genetic defects. [potion of
                  | mutation]
 83682 | Pan      | Lost mutation: Your magical capacity is low. (-10% MP)
                  | [potion of mutation]
 83682 | Pan      | Lost mutation: Your system is resistant to poisons. (rPois)
                  | [potion of mutation]
 83682 | Pan      | Gained mutation: You have a pair of small horns on your
                  | head. [potion of mutation]
 83682 | Pan      | Gained mutation: You have hidden genetic defects. [potion
                  | of mutation]
 83683 | Pan      | Lost mutation: Your body sometimes deteriorates upon taking
                  | damage. [potion of mutation]
 83683 | Pan      | Lost mutation: You have a pair of small horns on your head.
                  | [potion of mutation]
 83683 | Pan      | Gained mutation: You are covered in fur. (AC +1) [potion of
                  | mutation]
 83683 | Pan      | Gained mutation: You are frail. (-10% HP) [potion of
                  | mutation]
 83684 | Pan      | Lost mutation: You are clumsy. (Dex -2) [potion of
                  | mutation]
 83684 | Pan      | Lost mutation: You are covered in fur. (AC +1) [potion of
                  | mutation]
 83684 | Pan      | Gained mutation: Armour fits poorly on your strangely
                  | shaped body. [potion of mutation]
 83684 | Pan      | Lost mutation: You have hidden genetic defects. [potion of
                  | mutation]
 83684 | Pan      | Gained mutation: Your system is resistant to poisons.
                  | (rPois) [potion of mutation]
 83684 | Pan      | Gained mutation: You possess an exceptional clarity of
                  | mind. [potion of mutation]
 83872 | Pan      | Noticed Mnoleg
 83893 | Pan      | Killed Mnoleg
 83902 | Pan      | Gained mutation: You occasionally shout uncontrollably at
                  | your foes. [a cacodemon]
 83948 | Pan      | Identified the staff of air "Enuune Okka" {rElec rPois rC+}
 83966 | Pan      | Got a glowing rune of Zot
 84458 | Pan      | Noticed Tama Kof the pandemonium lord
 84467 | Pan      | Killed Tama Kof the pandemonium lord
 84468 | Pan      | Reached skill level 10 in Transmutations
 84624 | Pan      | Entered the realm of Cerebov.
 84761 | Pan      | Identified the +0 robe of Wasted Space {Slay+5}
 84866 | Pan      | Identified the staff of conjuration "Fuibla" {Dex+4}
 84915 | Pan      | Got The Penultimate Guide to Hermetics
 84941 | Pan      | Identified the +5 fire dragon scales "Vaoczida" {*Slow
                  | rElec rF++ rC- Dex+3 Stlth+}
 84943 | Pan      | Identified the +6 arbalest "Dinarut" {drain, rC+}
 84944 | Pan      | Identified the +0 short sword of Tension {flame, SInv}
 84959 | Pan      | Found the +6 sword of Cerebov {flame}
 84959 | Pan      | Noticed Cerebov
 84998 | Pan      | Killed Cerebov
 85015 | Pan      | Identified the +1 demon blade "Inuhaisa" {pain, Str+4}
 85021 | Pan      | Identified the staff of fire "Vuippelo" {rF+ Will++}
 85062 | Pan      | Got a fiery rune of Zot
 85104 | Pan      | Identified the staff of air "Xopatwe" {rElec rF++ Will+
                  | Str+3 Stlth-}
 85143 | Pan      | Identified the +8 whip of Capital Punishment {flame, Str+3
                  | Int+2 SInv}
 85348 | Pan      | Entered the realm of Gloorx Vloq.
 85447 | Pan      | Noticed Gloorx Vloq
 85461 | Pan      | Killed Gloorx Vloq
 85565 | Pan      | Got a dark rune of Zot
 85848 | Pan      | Entered the realm of Lom Lobon.
 85881 | Pan      | Found an exit through the horrors of the Abyss.
 86196 | Pan      | Noticed Lom Lobon
 86219 | Pan      | Killed Lom Lobon
 86237 | Pan      | Got a magical rune of Zot
 86347 | Pan      | Took an exit into the Abyss.
 86347 | Abyss:1  | Escaped into the Abyss
 86493 | Abyss:2  | Found a corrupted altar of Lugonu.
 86503 | Abyss:2  | Found a corrupted altar of Lugonu.
 86587 | Abyss:2  | Found a corrupted altar of Lugonu.
 87151 | Abyss:3  | Got an abyssal rune of Zot
 87212 | Abyss:3  | Found a corrupted altar of Lugonu.
 87212 | Abyss:3  | Noticed an ancient lich
 87222 | Abyss:3  | Killed an ancient lich
 87223 | Abyss:3  | Gained mutation: You are dopey. (Int -2) [a neqoxec]
 87336 | Depths:3 | Escaped the Abyss
 87439 | Depths:3 | Lost mutation: You occasionally shout uncontrollably at
                  | your foes. [potion of mutation]
 87439 | Depths:3 | Lost mutation: Armour fits poorly on your strangely shaped
                  | body. [potion of mutation]
 87439 | Depths:3 | Lost mutation: You are dopey. (Int -2) [potion of mutation]
 87439 | Depths:3 | Gained mutation: You are partially covered in iridescent
                  | scales. (AC +2) [potion of mutation]
 87439 | Depths:3 | Gained mutation: You have hidden genetic potential. [potion
                  | of mutation]
 87797 | Tomb:1   | Entered Level 1 of the Tomb of the Ancients
 88484 | Elf:2    | Reached skill level 5 in Hexes
 89038 | Tomb:1   | Noticed a royal mummy
 89161 | Tomb:1   | Killed a royal mummy
 89385 | Tomb:1   | Noticed a royal mummy
 89443 | Tomb:1   | Killed a royal mummy
 89450 | Tomb:1   | Identified the +2 scale mail "Raegunig" {Rampage rElec
                  | rCorr Dex-5}
 90099 | D:5      | Bought a potion of curing for 45 gold pieces
 90099 | D:5      | Bought a potion of magic for 120 gold pieces
 90099 | D:5      | Bought a potion of lignification for 45 gold pieces
 90099 | D:5      | Bought a potion of magic for 120 gold pieces
 90099 | D:5      | Bought a potion of might for 60 gold pieces
 90126 | D:5      | Killed flt's ghost
 90176 | D:5      | Bought a potion of haste for 140 gold pieces
 90176 | D:5      | Bought a potion of haste for 140 gold pieces
 90176 | D:5      | Bought 2 potions of mutation for 224 gold pieces
 90464 | Snake:3  | Killed gyole's ghost
 91045 | Tomb:2   | Noticed a royal mummy
 91046 | Tomb:2   | Noticed a royal mummy
 91058 | Tomb:2   | Killed a royal mummy
 91066 | Tomb:2   | Killed a royal mummy
 91072 | Tomb:2   | Noticed a royal mummy
 91072 | Tomb:2   | Noticed a royal mummy
 91078 | Tomb:2   | Killed a royal mummy
 91080 | Tomb:2   | Killed a royal mummy
 91312 | Tomb:1   | Noticed a royal mummy
 91312 | Tomb:1   | Noticed a royal mummy
 91312 | Tomb:1   | Noticed a royal mummy
 91312 | Tomb:1   | Noticed a royal mummy
 91314 | Tomb:1   | Noticed a royal mummy
 91316 | Tomb:1   | Noticed a royal mummy
 91317 | Tomb:1   | Noticed a royal mummy
 91317 | Tomb:1   | Noticed a royal mummy
 91331 | Tomb:1   | Killed a royal mummy
 91332 | Tomb:1   | Killed a royal mummy
 91332 | Tomb:1   | Killed a royal mummy
 91333 | Tomb:1   | Killed a royal mummy
 91333 | Tomb:1   | Killed a royal mummy
 91334 | Tomb:1   | Killed a royal mummy
 91334 | Tomb:1   | Killed a royal mummy
 91336 | Tomb:1   | Killed a royal mummy
 91342 | Tomb:1   | Noticed a royal mummy
 91350 | Tomb:1   | Killed a royal mummy
 91374 | Tomb:1   | Noticed a royal mummy
 91385 | Tomb:1   | Killed a royal mummy
 91418 | Tomb:1   | Noticed a royal mummy
 91426 | Tomb:1   | Killed a royal mummy
 91466 | Tomb:1   | Noticed a royal mummy
 91478 | Tomb:1   | Killed a royal mummy
 91482 | Tomb:1   | Noticed a royal mummy
 91492 | Tomb:1   | Killed a royal mummy
 91496 | Tomb:1   | Noticed a royal mummy
 91530 | Tomb:1   | Killed a royal mummy
 91556 | Tomb:1   | Noticed a royal mummy
 91560 | Tomb:1   | Noticed a royal mummy
 91563 | Tomb:1   | Killed a royal mummy
 91568 | Tomb:1   | Killed a royal mummy
 91688 | Tomb:1   | Noticed a royal mummy
 91701 | Tomb:1   | Killed a royal mummy
 91780 | Tomb:1   | Noticed a royal mummy
 91789 | Tomb:1   | Killed a royal mummy
 91794 | Tomb:1   | Noticed a royal mummy
 91803 | Tomb:1   | Killed a royal mummy
 91951 | Tomb:1   | Noticed a royal mummy
 91956 | Tomb:1   | Noticed a royal mummy
 91957 | Tomb:1   | Noticed a royal mummy
 91962 | Tomb:1   | Killed a royal mummy
 91963 | Tomb:1   | Noticed a royal mummy
 91964 | Tomb:1   | Killed a royal mummy
 91964 | Tomb:1   | Killed a royal mummy
 91968 | Tomb:1   | Noticed a royal mummy
 91970 | Tomb:1   | Killed a royal mummy
 91977 | Tomb:1   | Noticed a royal mummy
 91978 | Tomb:1   | Killed a royal mummy
 91983 | Tomb:1   | Gained mutation: Your mind is acute. (Int +4, Str/Dex -1)
                  | [hidden potential]
 91991 | Tomb:1   | Killed a royal mummy
 92143 | Tomb:2   | Noticed Boris
 92161 | Tomb:2   | Killed Boris
 92307 | Tomb:2   | Lost mutation: You possess an exceptional clarity of mind.
                  | [potion of mutation]
 92307 | Tomb:2   | Lost mutation: Your system is resistant to poisons. (rPois)
                  | [potion of mutation]
 92307 | Tomb:2   | Gained mutation: You occasionally shout uncontrollably at
                  | your foes. [potion of mutation]
 92307 | Tomb:2   | Lost mutation: You are frail. (-10% HP) [potion of
                  | mutation]
 92339 | Tomb:3   | Entered Level 3 of the Tomb of the Ancients
 92421 | Tomb:3   | Noticed a royal mummy
 92425 | Tomb:3   | Killed a royal mummy
 92526 | Tomb:3   | Noticed a royal mummy
 92542 | Tomb:3   | Killed a royal mummy
 92563 | Tomb:3   | Learned a level 2 spell: Wereblood
 92609 | Tomb:3   | Identified the staff of poison "Joiwoen" {rPois rF++ Dex+3}
 92698 | Tomb:3   | Found the dreamshard necklace {*Dream Drain}
 92752 | Tomb:3   | Identified the +0 chain mail "Qouxt" {rElec Regen+ MP-9
                  | Int-5}
 92752 | Tomb:3   | Noticed a royal mummy
 92759 | Tomb:3   | Killed a royal mummy
 92761 | Tomb:3   | Identified the ring "Gucisku" {Str+3 Dex+6}
 92793 | Tomb:3   | Identified the +3 whip of the Beast {freeze, Contam rPois
                  | MP+9 Int+5}
 92794 | Tomb:3   | Identified the staff of poison "Elumna" {rPois Dex+5}
 92863 | Tomb:3   | Noticed a royal mummy
 92879 | Tomb:3   | Killed a royal mummy
 92889 | Tomb:3   | Noticed a royal mummy
 92896 | Tomb:3   | Killed a royal mummy
 92898 | Tomb:3   | Noticed a royal mummy
 92906 | Tomb:3   | Killed a royal mummy
 92933 | Tomb:3   | Noticed a royal mummy
 92945 | Tomb:3   | Killed a royal mummy
 92950 | Tomb:3   | Got a golden rune of Zot
 92967 | Tomb:3   | Identified the amulet "Tassi" {RegenMP rC+ rCorr}
 92979 | Tomb:3   | Noticed a royal mummy
 92995 | Tomb:3   | Killed a royal mummy
 93033 | Tomb:3   | Noticed a royal mummy
 93045 | Tomb:3   | Killed a royal mummy
 93631 | Snake:3  | Bought a potion of haste for 330 gold pieces
 93631 | Snake:3  | Bought a lightning rod (4/4) for 990 gold pieces
 93631 | Snake:3  | Bought a wand of roots (5) for 396 gold pieces
 93965 | Hell     | Entered the Vestibule of Hell
 93967 | Hell     | Noticed Geryon
 93989 | Hell     | Killed Geryon
 94062 | Hell     | Reached skill level 27 in Dodging
 94070 | Hell     | Found a gateway to the decaying netherworld of Tartarus.
 94087 | Tar:1    | Entered Level 1 of Tartarus
 94116 | Tar:1    | Gained mutation: Your mind is very acute. (Int +8, Str/Dex
                  | -2) [hidden potential]
 94116 | Tar:1    | Lost mutation: You have hidden genetic potential. [hidden
                  | potential expressed]
 94124 | Tar:1    | Learned a level 6 spell: Statue Form
 94515 | Tar:4    | Noticed an ancient lich
 94523 | Tar:4    | Killed an ancient lich
 94605 | Tar:5    | Reached skill level 5 in Earth Magic
 94966 | Tar:6    | Noticed a dread lich
 94973 | Tar:6    | Killed a dread lich
 95064 | Tar:6    | Reached skill level 15 in Transmutations
 95354 | Tar:7    | Entered Level 7 of Tartarus
 95456 | Tar:7    | Noticed a dread lich
 95457 | Tar:7    | Noticed an ancient lich
 95459 | Tar:7    | Reached skill level 27 in Fighting
 95464 | Tar:7    | Killed a dread lich
 95468 | Tar:7    | Killed an ancient lich
 95591 | Tar:7    | Noticed Ereshkigal
 95601 | Tar:7    | Killed Ereshkigal
 95625 | Tar:7    | Identified the +5 arbalest of Hell's Wrath {heavy, Fly
                  | rPois Int+3 Dex-2}
 95758 | Tar:7    | Got a bone rune of Zot
 95936 | Hell     | Found a gateway to the Iron City of Dis.
 95998 | Dis:1    | Entered Level 1 of the Iron City of Dis
 96035 | Dis:1    | Found a huge runed gate.
 96035 | Dis:1    | Found a huge runed gate.
 96123 | Dis:3    | You fall into a shaft and drop 2 floors!
 96231 | Dis:6    | HP: 13/372 [Hell Sentinel/damnation (31)]
 96236 | Dis:6    | HP: 14/372 [Hell Sentinel/damnation (30)]
 96236 | Dis:6    | Killed from afar by a hellion

Illustrated notes

Levels and vault maps discovered:
D:1:      lemuel_arrival_broad_hall, layout_loops_ring
D:2:      layout_basic, uniq_jessica
D:3:      layout_basic, portal_sewer_entry_d, minmay_crystal_water
D:4:      layout_basic, st_stairs_3, minmay_shop_enchanted_jewellery,
          nicolae_elemental_shop, nicolae_shop_self_help
D:5:      layout_basic, minmay_temple_entry_tees, serial_shops,
          nicolae_shop_advertising_works [nicolae_subvault_shop_adworks],
          nicolae_shop_crystal, nicolae_shop_tiny_glass, gammafunk_ghost_arena,
          eino_curves_03, uniq_crazy_yiuf_cottage
D:6:      layout_layer_cave, lemuel_tele_altar
D:7:      minmay_the_grid_triangle_9x9_rhombus_thin
          [minmay_the_grid_triangle_9x9_cache,
          minmay_the_grid_triangle_9x9_prize_special,
          minmay_the_grid_triangle_9x9_subtriangle,
          minmay_the_grid_triangle_9x9_corrupted_corridor], layout_basic,
          nicolae_overflow_hallway_of_the_gods, grunt_ministairs_6
D:8:      layout_loops_ring, slow_altar_1, ashenzari_conservatory_becter,
          mainiacjoe_overflow_24_doors, hangedman_ranch, uniq_prince_ribbit1
D:9:      layout_roguey, trog_ov_bears_minmay, grunt_lair_entry_orc_guard_hut,
          david_orc_2, gammafunk_ghost_abyssal_escape, serial_ice, serial_ice_j,
          serial_ice_n, serial_ice_e, serial_ice_d, serial_ice_c, serial_ice_b,
          serial_ice_g
D:10:     layout_gridville, minivault_22
D:11:     layout_long_grid, minmay_beelzebubs_servants
D:12:     layout_basic
D:13:     layout_loops_cross, lemuel_flamethrower_3, uniq_lodul
D:14:     layout_cave_pools, david_vaults_3, dreamdust_wishing_well, uniq_kirke
D:15:     grunt_enter_depths_snipers, layout_gridville, serial_shops,
          nicolae_shop_hallway_plus, fountainhead
Temple:   hellmonk_temple_forest_ring
Lair:1:   layout_cave_pods, beast_lair_carwin_6, grunt_megastairs_4
Lair:2:   layout_regular_city, ebering_ghost_funeral_grove, lemuel_fruit_tree,
          lemuel_fruit_fields, grunt_megastairs_3, uniq_erica
Lair:3:   layout_roguey, minmay_shoals_entry_beasts,
          nicolae_snake_entry_warm_welcome, infiniplex_staircase_pool,
          uniq_amaemon
Lair:4:   layout_cellular_growth, slime_entry_1, nicolae_lair_yak_garden,
          uniq_rupert
Lair:5:   minmay_lair_end_enchanted_forest, layout_misc_corridors,
          chequers_serial_rivers_small_a
Shoals:1: layout_shoals, nicolae_shoals_this_corrosion
Shoals:2: layout_shoals, serial_shops, shop, shop, nicolae_shoals_c_island,
          uniq_mlioglotl
Shoals:3: layout_shoals, nicolae_shoals_lost_giant_pillars, uniq_roxanne,
          uniq_polyphemus
Shoals:4: shoals_end_hangedman, layout_shoals
Snake:1:  layout_cave_shapes, portal_ice_cave_entry_pillars_2, serial_shops,
          shop, nicolae_shop_tiny_real_fake_doors, shop, hangedman_venom_bottle
Snake:2:  layout_honeycomb, uniq_aizul, uniq_donald
Snake:3:  layout_rooms, gammafunk_ghost_necromancy, minmay_snake_pond,
          minmay_shoptagon
Snake:4:  snake_pit, layout_cave_shapes, serial_shops, freezing_bzr
Slime:1:  layout_caves, cheibrodos_slime_lost_civilization_6
Slime:2:  layout_caves
Slime:3:  layout_caves
Slime:4:  cheibrodos_slime_lost_civilization_9, layout_caves
Slime:5
Orc:1:    layout_caves, basic_altar, serial_shops,
          nicolae_shop_pleasant_corner_grove, bh_open_orc_temple, uniq_jorgrun
Orc:2:    grunt_orc_gardens, layout_diamond_mine, grunt_orc_garden,
          grunt_orc_garden, grunt_orc_garden, grunt_orc_garden,
          gauntlet_entry_generic, nicolae_orc_sculptors_studio, uniq_sonja,
          uniq_saint_roka
Elf:1:    minmay_elf_arrival_plus, layout_loops_cross,
          serial_hangedman_research, hangedman_research_geology,
          hangedman_research_quantum, hangedman_research_metamorphosis,
          hangedman_research_pyrotechnics, hangedman_elf_represent,
          hangedman_elf_disciples, uniq_azrael
Elf:2:    nicolae_elf_blades_crystal_corner, layout_geoelf_octagon,
          serial_shops, nicolae_shop_crystal, nicolae_shop_back_alley_shop,
          shop, shop_scrolls, nicolae_book_shop_shelving, basic_altar,
          portal_desolation_entry_garden
Elf:3:    grunt_elf_hall_branching, layout_geoelf_castle, uniq_asterion
Vaults:1: hangedman_vaults_river_flow, hangedman_vaults_stitches,
          hangedman_vaults_trim, nicolae_vaults_border_crossing,
          vaults_room_grunt_arrival_ludios, hangedman_vaults_capsules,
          nicolae_vaults_storage_room_glass, vaults_room_stairs_pillars,
          layout_vaults_omnigrid, serial_shops, nicolae_shop_window_shopping,
          nicolae_trove_entry_crossroad
Vaults:2: nicolae_vaults_fighting_squares, minmay_crypt_entry_nasty_monster,
          v_misc_28, nicolae_vaults_rhombus_6, nicolae_vaults_specimen_jars,
          v_misc_23, nicolae_vaults_diamond_2, vaults_room_boxed,
          ontoclasm_vaults_bender, nicolae_vaults_tangram_2, layout_vaults_ring
Vaults:3: nicolae_vaults_taking_the_gang_shopping, hangedman_vaults_restitches,
          nicolae_vaults_storage_room_water, nicolae_vaults_wrenched,
          nicolae_vaults_network_quinsquares
          [nicolae_vaults_network_quincunx_subvault,
          nicolae_vaults_network_quincunx_subvault,
          nicolae_vaults_network_quincunx_subvault,
          nicolae_vaults_network_quincunx_subvault], v_misc_4, v_misc_28,
          v_misc_23, vaults_dpeg_cross, layout_vaults_maze_snakey
Vaults:4: v_misc_5, vaults_room_large_hall, vaults_mumra_chevron_long,
          hangedman_vaults_stretched_pinwheel, vaults_mumra_hex,
          nicolae_vaults_double_plus_1, nicolae_vaults_double_plus_2,
          nicolae_vaults_murder_corner, nicolae_vaults_house_2,
          layout_vaults_big_room, uniq_margery
Vaults:5
Crypt:1:  layout_basic, uniq_grunn
Crypt:2:  hangedman_staggered_hall, layout_misc_corridors, uniq_bai_suzhen,
          uniq_boris
Crypt:3:  david_glass_crypt, layout_chaotic_city,
          nicolae_tomb_entry_rubble_hallway, ebering_ghost_inner_flame,
          uniq_mennas
Tomb:1
Tomb:2
Tomb:3
Depths:1: layout_big_octagon, enter_ziggurat_f,
          nicolae_qazlal_scattered_showers, hangedman_tar_grid_catacomb,
          minivault_16, nrook_kobold_shadow_demons
Depths:2: kennysheep_large_spiral, layout_honeycomb,
          nemelex_diamond_rough_becter, rand_demon_pan_entry_7, serial_shops,
          nicolae_shop_trees, hell_entry, infiniplex_staircase_pillars_1
Depths:3: minmay_imperfect_grid, layout_cave_shapes,
          hangedman_abyss_entry_splay, hellmouth_1, pan_entry, minivault_16,
          grunt_ministairs_6, yredelemnul_forgotten_temple_becter
Depths:4: grunt_zot_entry_tricorne, layout_gridlike, hell_entry, nicolae_wwwww,
          elyvilon_altar_4, minmay_shop_star, uniq_sojobo
Hell
Dis:1:    layout_subdivisions, not_door_vault_due
Dis:2:    layout_subdivisions, nicolae_dis_emergency_hatch
Dis:3:    layout_subdivisions
Dis:5:    layout_regular_city
Dis:6:    layout_regular_city, glass_columns_a, nicolae_dis_having_a_grate_time
Tar:1:    layout_grid_maze, nicolae_tar_cuneiform_oil
Tar:2:    layout_cathedral_of_symmetry
Tar:3:    layout_grid_maze
Tar:4:    layout_grid_maze
Tar:5:    layout_catacombs
Tar:6:    layout_catacombs
Tar:7:    tar_grunt_cathedral
Zot:1:    layout_gridville, uniq_tiamat
Zot:2:    layout_basic, gammafunk_ghost_grave, st_stairs_8
Zot:3:    lemuel_acid_trip, layout_cathedral_of_symmetry
Zot:4:    grunt_twist_and_shout, layout_onion_interference
Zot:5:    layout_basic

Skill      XL: |  1  2  3  4  5  6  7  8  9 10 11 12 13 14 15 16 17 18 19 20 21 22 23 24 25 26 27 |
---------------+----------------------------------------------------------------------------------+-----
Long Blades    | 4 5 6 7 8 10 12 13 15 16 17 18 19 20 21 22 24 27 | 27.0
Dodging        | 3 4 6 8 9 11 13 14 15 16 17 18 19 20 21 27 | 27.0
Stealth        | 1 3 |  3.3
Fighting       | 3 4 5 7 8 9 11 12 13 14 15 16 17 18 19 20 27 | 27.0
Translocations | 1 2 4 5 6 7 8 10 11 12 13 14 15 16 17 18 23 | 23.3
Invocations    | 3 5 8 9 10 11 12 13 14 15 18 20 21 25 | 25.0
Spellcasting   | 3 5 6 9 13 | 13.7
Transmutations | 3 4 16 | 16.6
Shields        | 4 6 8 10 11 12 13 14 15 16 17 18 22 | 22.4
Armour         | 2 3 4 |  4.7
Air Magic      | 2 |  2.2
Earth Magic    | 1 9 |  9.9
Conjurations   | 3 |  3.3
Throwing       | 3 |  3.3
Evocations     | 7 |  7.7
Hexes          | 6 |  6.6

Action                     |  1- 3 |  4- 6 |  7- 9 | 10-12 | 13-15 | 16-18 | 19-21 | 22-24 | 25-27 || total
---------------------------+-------+-------+-------+-------+-------+-------+-------+-------+-------++-------
  Melee: Falchion          |    52 |    31 |   118 |   618 |    18 |       |       |       |       ||   837
         Dagger            |    26 |   144 |   144 |   344 |       |       |       |       |       ||   658
         Tailslap          |       |     3 |       |     9 |    23 |    72 |    55 |       |    11 ||   173
         Scimitar          |       |     7 |    46 |       |       |       |       |       |       ||    53
         Punch             |       |       |    10 |    23 |    15 |       |       |       |       ||    48
         Double sword      |       |       |       |    30 |  1371 |  1743 |  1572 |  1736 |  5695 || 12147
         Rapier            |       |       |       |       |       |       |     5 |       |       ||     5
         Triple sword      |       |       |       |       |       |       |       |       |    24 ||    24
  Throw: Stone             |    21 |    16 |    16 |    50 |    11 |       |       |       |       ||   114
         Dart              |       |       |     3 |    42 |    43 |     1 |       |       |       ||    89
         Boomerang         |       |       |     1 |     1 |       |       |       |       |       ||     2
         Javelin           |       |       |       |     2 |    13 |       |       |       |       ||    15
         Throwing net      |       |       |       |       |       |     2 |     6 |     4 |       ||    12
   Cast: Blink             |       |       |     1 |       |       |     1 |       |     1 |     2 ||     5
         Manifold Assault  |       |       |       |       |    10 |   162 |   170 |   213 |  1063 ||  1618
         Apportation       |       |       |       |       |     1 |     1 |     6 |     4 |    54 ||    66
         Vhi's Electric Ch |       |       |       |       |       |    22 |    41 |    42 |    40 ||   145
         Lesser Beckoning  |       |       |       |       |       |       |    38 |    81 |   234 ||   353
         Statue Form       |       |       |       |       |       |       |       |       |     7 ||     7
         Passwall          |       |       |       |       |       |       |       |       |     3 ||     3
 Invoke: Divine Shield     |       |       |       |     3 |    13 |     9 |     7 |     5 |     7 ||    44
         Summon Divine War |       |       |       |       |     3 |     4 |     4 |     4 |     6 ||    21
         Cleansing Flame   |       |       |       |       |       |    15 |    15 |     8 |    58 ||    96
  Evoke: Wand              |     2 |     3 |       |     1 |    22 |     9 |     9 |     6 |     5 ||    57
         Phantom mirror    |       |       |       |       |       |     1 |     2 |     1 |       ||     4
         Phial of floods   |       |       |       |       |       |       |     1 |     1 |       ||     2
    Use: Scroll            |       |     4 |     2 |    13 |    13 |    14 |     3 |     7 |    49 ||   105
         Potion            |       |     1 |     5 |     9 |     8 |     6 |    15 |     1 |    72 ||   117
   Stab: Sleeping          |     1 |     6 |     7 |       |       |       |       |       |       ||    14
         Distracted        |       |       |     2 |       |       |       |       |       |       ||     2
 Armour: Leather armour    |    23 |    43 |    13 |       |       |       |       |       |       ||    79
         Steam dragon scal |       |       |    27 |    61 |   128 |       |       |       |       ||   216
         Skin              |       |       |    30 |     1 |       |       |       |       |   172 ||   203
         Troll leather arm |       |       |       |       |    31 |       |       |    13 |   259 ||   303
         Ring mail         |       |       |       |       |     4 |   325 |   181 |   139 |       ||   649
  Dodge: Dodged            |    24 |   124 |   139 |   502 |   751 |   799 |   505 |   589 |  1851 ||  5284
  Block: Other             |       |       |       |    13 |    21 |       |       |       |       ||    34
         Buckler           |       |       |       |       |   261 |       |       |       |       ||   261
         Kite shield       |       |       |       |       |    89 |   923 |   653 |   707 |  1620 ||  3992
         Tower shield      |       |       |       |       |       |       |       |       |  1533 ||  1533
